Map: Ultralove

Players

ShoWTimE - Winner!

  • Race: Protoss Protoss
  • Spawn Location: 1:00

SHIN

  • Race: Zerg Zerg
  • Spawn Location: 7:00

Event: DreamHack Dallas 2025

VOD

Have the link to the VOD?

Description

Time

  • Played on: May 24, 2025, 4:35 p.m.
  • Length: 14:20

All games in this series

Show
View Real Time Build Order
Export as new Build Order

ShoWTimE Protoss - Winner!

Build Orders: 1 Gate Expand, Oracle Opening 

Get SALT Encoding   

  12  0:00  Probe  
  13  0:12  Probe  
  14  0:19  Pylon  
  14  0:24  Probe  
  15  0:33  Probe  
  15  0:40  Gateway  
  15  0:41  Probe  
  16  0:49  Assimilator  
  17  0:51  Probe  
  18  1:04  Probe  
  19  1:16  Probe  
  20  1:25  Nexus  
  20  1:34  Cybernetics Core  
  20  1:38  Probe  
  21  1:44  Assimilator  
  21  1:50  Probe  
  21  1:52  Pylon  
  22  2:00  Adept  
  22  2:02  Probe  
  23  2:14  Probe  
  26  2:21  Adept  
  26  2:23  Stargate  
  26  2:26  Probe  
  27  2:33  Probe  
  27  2:37  Warp Gate  
  29  2:38  Probe  
  29  2:41  Probe  
  31  2:50  Probe, Adept  
  35  2:51  Probe  
  36  3:02  Oracle, Probe  
  36  3:03  Probe  
  38  3:09  Pylon  
  41  3:15  Probe  
  41  3:17  Probe  
  43  3:23  Adept  
  43  3:24  Gateway  
  42  3:27  Probe  
  42  3:29  Probe  
  42  3:31  Oracle  
  43  3:39  Probe  
  44  3:41  Probe  
  48  3:50  Nexus  
  48  3:54  Pylon  
  48  3:56  Probe  
  48  3:57  Probe  
  48  4:02  Oracle  
  50  4:04  Pylon  
  50  4:08  Probe  
  50  4:09  Probe  
  55  4:18  Assimilator  
  55  4:20  Probe, Assimilator  
  55  4:21  Probe  
  57  4:24  Adept  
  57  4:25  Adept  
  61  4:32  Probe  
  61  4:33  Probe  
  61  4:38  Pylon  
  63  4:44  Probe  
  64  4:45  Probe  
  64  4:46  Stalker  
  64  4:47  Adept  
  69  4:54  Twilight Council  
  69  4:56  Probe  
  69  4:58  Probe  
  71  5:04  Probe  
  72  5:08  Probe  
  72  5:10  Probe  
  72  5:11  Blink  
  72  5:13  Probe  
  74  5:15  Gateway  
  74  5:17  Gateway  
  74  5:20  Probe  
  76  5:21  Probe  
  76  5:22  Probe  
  76  5:25  Forge  
  76  5:27  Adept x2  
  82  5:31  Probe  
  82  5:32  Probe  
  82  5:34  Probe  
  82  5:35  Pylon  
  85  5:43  Probe  
  85  5:45  Probe  
  85  5:46  Probe  
  85  5:48  Stalker x2  
  92  5:55  Shield Battery, Probe  
  94  5:57  Shield Battery, Gateway, Probe  
  94  5:58  Probe  
  95  6:09  Stalker, Photon Cannon  
  95  6:10  Pylon  
  98  6:11  Probe, Assimilator  
  98  6:12  Pylon  
  98  6:15  Stalker x2  
  98  6:16  Assimilator  
  98  6:18  Probe  
  99  6:21  Protoss Ground Weapons Level 1, Probe  
  96  6:26  Probe  
  96  6:27  Stalker  
  93  6:35  Gateway  
  93  6:39  Gateway  
  93  6:41  Gateway, Templar Archives  
  93  6:42  Stalker x2  
  93  6:45  Pylon  
  97  6:52  Charge  
  97  6:58  Stalker x3  
  100  7:03  Pylon  
  100  7:09  Pylon, Stalker x2  
  104  7:18  Gateway  
  104  7:29  Stalker  
  106  7:30  Stalker x3  
  106  7:35  Pylon  
  106  7:36  Stalker x3  
  118  7:37  Psionic Storm  
  118  7:40  High Templar  
  120  7:47  Photon Cannon  
  120  7:48  Shield Battery  
  120  7:53  High Templar x2  
  124  8:04  Zealot x3  
  124  8:05  Nexus  
  130  8:06  Pylon  
  130  8:13  High Templar x2  
  130  8:14  Photon Cannon  
  130  8:15  Shield Battery  
  130  8:16  Shield Battery, Protoss Ground Weapons Level 2, Photon Cannon  
  134  8:22  Zealot  
  136  8:27  Shield Battery  
  136  8:29  Stalker x5  
  146  8:39  Pylon  
  146  8:41  Pylon  
  146  8:44  Zealot  
  148  8:48  Zealot x2  
  148  8:54  Zealot x2  
  156  8:58  High Templar  
  158  9:04  Stalker x3, Nexus  
  158  9:07  Robotics Facility  
  164  9:10  Pylon  
  164  9:15  Zealot x3  
  170  9:25  Zealot  
  172  9:36  Zealot x7  
  186  9:40  Probe x3  
  186  9:42  Assimilator  
  189  9:53  Fleet Beacon  
  189  9:58  Photon Cannon  
  189  9:59  Photon Cannon  
  189  10:01  Photon Cannon  
  189  10:03  High Templar x2, Photon Cannon  
  193  10:08  Observer  
  188  10:20  Zealot x5  
  188  10:31  Mothership  
  188  10:35  Zealot  
  156  10:38  Protoss Ground Weapons Level 3, Probe  
  156  10:40  Immortal, Tempest  
  156  10:42  Probe x2  
  163  10:46  Assimilator  
  163  10:48  Probe  
  164  10:50  Probe  
  164  10:54  Probe, High Templar x2  
  174  11:00  Stargate  
  174  11:03  Zealot x2  
  178  11:08  Probe  
  179  11:14  High Templar x3  
  179  11:16  Zealot, Tempest  
  181  11:26  Pylon  
  181  11:40  Zealot x5  
  181  11:42  Immortal  
  194  11:52  Zealot x3  
  182  12:03  Zealot x5  
  191  12:21  Pylon  
  191  12:22  Pylon  
  187  12:24  Immortal  
  187  12:25  Zealot  
  185  12:31  Zealot x4  
  185  12:36  Zealot x2  
  188  12:39  Probe x2  
  190  12:46  Probe  
  190  12:48  Assimilator  
  191  12:57  High Templar x3  
  191  12:58  High Templar  
  199  13:03  Archon x2  
  199  13:08  Probe  
  194  13:14  Tempest  
  194  13:18  Nexus  
  190  13:20  Pylon  
  190  13:24  Tempest  
  183  13:29  High Templar x4  
  183  13:33  Archon, High Templar x3  
  197  13:34  Archon  
  197  13:38  Archon  
  197  13:55  Nexus  
  195  14:01  Pylon  
  198  14:15  Zealot x5  
  188  14:18  Zealot x3  
Show
View Real Time Build Order
Export as new Build Order

SHIN Zerg 

Build Orders: Hatch First, Lurkers, Roach Hydra 

Get SALT Encoding   

  12  0:00  Drone  
  13  0:08  Drone  
  13  0:14  Extractor  
  13  0:15  Drone  
  15  0:35  Hatchery  
  14  0:39  Extractor  
  14  0:40  Drone  
  15  0:46  Overlord  
  15  1:01  Spawning Pool  
  14  1:05  Drone  
  14  1:09  Drone  
  16  1:12  Drone  
  16  1:17  Drone  
  18  1:27  Drone, Extractor  
  18  1:37  Drone  
  19  1:47  Queen  
  19  1:48  Queen  
  19  1:51  Zergling x2  
  24  1:55  Drone  
  24  1:59  Drone  
  26  2:04  Overlord  
  26  2:08  Drone  
  26  2:11  Drone  
  28  2:23  Queen  
  28  2:26  Drone x2  
  32  2:43  Zergling x2, Hatchery  
  32  2:47  Metabolic Boost  
  32  2:51  Zergling x2  
  33  2:54  Overlord  
  33  2:59  Drone x2  
  33  3:02  Zergling x2  
  36  3:13  Drone x2  
  36  3:14  Drone x3  
  36  3:16  Drone  
  39  3:23  Drone  
  39  3:25  Drone  
  40  3:31  Drone, Spore Crawler  
  40  3:32  Drone  
  40  3:33  Drone  
  42  3:35  Drone  
  42  3:39  Overlord  
  43  3:43  Spore Crawler  
  43  3:46  Drone  
  43  3:52  Overlord  
  43  3:54  Queen  
  45  3:56  Drone  
  45  4:00  Drone x3  
  49  4:04  Drone  
  49  4:07  Zergling x6  
  49  4:09  Spore Crawler  
  52  4:13  Zergling x4  
  52  4:15  Drone  
  52  4:16  Drone  
  56  4:18  Drone  
  56  4:21  Drone  
  58  4:27  Roach Warren  
  58  4:28  Drone  
  58  4:33  Drone x3  
  58  4:34  Drone  
  58  4:36  Drone x2  
  64  4:41  Zergling x2  
  65  4:45  Lair  
  65  4:46  Zergling x2  
  65  4:49  Overlord  
  65  4:52  Evolution Chamber  
  65  4:53  Drone  
  65  4:59  Zergling x2  
  65  5:02  Drone  
  65  5:03  Drone x2  
  65  5:07  Overlord x4  
  65  5:10  Drone  
  65  5:13  Overlord  
  62  5:15  Drone x2  
  65  5:23  Extractor x2  
  65  5:26  Drone x7  
  65  5:27  Drone  
  71  5:33  Drone  
  71  5:34  Extractor  
  71  5:38  Drone x2  
  71  5:41  Evolution Chamber  
  72  5:43  Zergling x6  
  72  5:44  Queen  
  72  5:46  Zergling x2  
  72  5:48  Zergling x6  
  81  5:54  Zergling x4  
  83  5:58  Zergling x2  
  83  6:01  Glial Reconstitution  
  81  6:06  Zergling x4  
  81  6:11  Zergling x10  
  85  6:14  Drone  
  85  6:16  Evolution Chamber  
  77  6:18  Drone x6  
  77  6:20  Zerg Missile Weapons Level 1, Queen  
  77  6:21  Drone, Hydralisk Den  
  77  6:25  Drone x2  
  84  6:32  Drone  
  82  6:34  Drone  
  82  6:35  Drone  
  84  6:42  Drone  
  84  6:46  Drone x3  
  88  6:47  Drone  
  88  6:48  Drone  
  88  6:51  Grooved Spines  
  88  6:52  Drone x3  
  88  6:53  Extractor  
  88  6:54  Extractor  
  90  6:55  Drone x2  
  90  6:56  Drone x2, Hatchery  
  90  6:57  Drone  
  90  7:00  Hydralisk  
  95  7:04  Infestation Pit  
  95  7:06  Drone  
  95  7:08  Hydralisk  
  95  7:09  Overlord  
  95  7:13  Hydralisk x2, Overlord  
  101  7:18  Hydralisk  
  101  7:19  Hydralisk  
  101  7:21  Hydralisk  
  101  7:22  Overlord  
  105  7:23  Overlord  
  105  7:25  Overlord  
  105  7:27  Hydralisk  
  105  7:28  Roach  
  105  7:29  Roach  
  107  7:32  Roach  
  107  7:33  Roach  
  107  7:36  Hydralisk  
  109  7:39  Roach  
  109  7:41  Hydralisk, Muscular Augments  
  112  7:45  Roach  
  112  7:47  Roach x2  
  112  7:50  Hydralisk  
  120  7:52  Overlord x2  
  120  7:53  Roach  
  120  7:54  Zergling x2  
  120  7:55  Zergling x2  
  120  7:56  Zergling x2  
  120  7:57  Zergling x2  
  126  8:02  Hydralisk  
  126  8:03  Roach  
  130  8:07  Hydralisk  
  130  8:08  Hydralisk  
  130  8:11  Roach  
  136  8:15  Zergling x4, Roach  
  136  8:16  Lurker Den  
  136  8:19  Overlord  
  139  8:21  Hatchery  
  139  8:22  Zergling x8  
  142  8:27  Hive  
  142  8:31  Hydralisk x2  
  146  8:36  Hydralisk x2  
  146  8:39  Zergling x6  
  153  8:47  Hydralisk  
  153  8:48  Roach x3  
  161  8:51  Overlord  
  161  8:57  Zergling x12, Roach  
  168  9:06  Drone  
  168  9:08  Overlord x2  
  169  9:10  Drone x3  
  169  9:16  Lurker x5  
  177  9:27  Lurker  
  177  9:28  Lurker  
  177  9:29  Extractor  
  177  9:30  Extractor  
  175  9:39  Seismic Spines  
  175  9:44  Lurker  
  176  9:56  Hydralisk x4  
  176  9:59  Spine Crawler  
  182  10:00  Zergling x2, Roach x4  
  182  10:01  Zergling x18  
  182  10:04  Overlord  
  182  10:06  Zerg Missile Weapons Level 2  
  200  10:08  Overlord x2  
  200  10:10  Overlord  
  198  10:14  Overlord  
  191  10:23  Lurker x3  
  191  10:24  Roach  
  191  10:25  Roach x3  
  185  10:30  Roach x3  
  185  10:31  Roach  
  185  10:33  Hydralisk  
  154  10:38  Hydralisk x2  
  146  10:44  Hydralisk x2  
  146  10:45  Hydralisk  
  146  10:48  Lurker  
  153  10:52  Roach x3  
  153  10:53  Zergling x2  
  153  10:56  Lurker  
  161  11:00  Hydralisk  
  161  11:01  Roach x2  
  167  11:07  Hydralisk  
  167  11:08  Roach x2  
  173  11:12  Lurker  
  173  11:15  Lurker  
  173  11:18  Zergling x10, Roach  
  181  11:23  Hydralisk  
  181  11:24  Roach  
  186  11:29  Lurker x2  
  186  11:32  Zergling x4, Roach x3  
  196  11:35  Roach  
  195  11:41  Hydralisk, Roach  
  197  11:47  Spire  
  197  11:48  Zergling x8  
  197  11:51  Hydralisk  
  197  11:52  Roach  
  189  11:54  Roach  
  189  11:55  Drone  
  189  11:56  Drone  
  189  12:00  Hydralisk  
  184  12:01  Roach  
  184  12:02  Hydralisk  
  184  12:05  Hydralisk  
  185  12:09  Hydralisk  
  185  12:14  Hydralisk x2  
  184  12:16  Hydralisk  
  184  12:21  Hydralisk x2  
  181  12:24  Hydralisk  
  181  12:27  Hydralisk  
  181  12:29  Hydralisk  
  173  12:33  Hydralisk  
  169  12:38  Pneumatized Carapace  
  169  12:42  Overseer x5  
  169  12:44  Hydralisk  
  159  12:49  Hydralisk x2  
  165  12:55  Lurker x2  
  165  12:56  Zergling x10  
  172  13:01  Lurker  
  172  13:03  Lurker  
  174  13:08  Zergling x14  
  174  13:10  Zergling x4  
  177  13:13  Zergling x4  
  177  13:15  Zergling x4  
  177  13:17  Zergling x4  
  166  13:20  Zergling x4  
  166  13:21  Zergling x2  
  166  13:23  Zergling x2  
  166  13:24  Zergling x2  
  166  13:25  Zergling x2  
  161  13:29  Zergling x8  
  161  13:31  Hydralisk  
  167  13:36  Zergling x2  
  167  13:37  Zergling x6  
  167  13:39  Zergling x2  
  172  13:41  Zergling x6  
  175  13:50  Hydralisk x3  
  175  13:54  Hydralisk x2  
Tags
 
Add a new tag
Caveats
  • Supply blocks, unpowered buildings, or Contaminate may cause inaccurate times.
  • Supply counts are checked every 10 seconds.